 Dungeon Crawl Stone Soup version 0.29-a0-483-g69413ace17 (webtiles) character file.

Game seed: 18091253318146767777

1613 spaghetti the Skirmisher (level 8, -1/64 HPs)
             Began as a Demonspawn Fighter on May 25, 2022.
             Was an Initiate of Gozag.
             Killed from afar by Maggie (17 damage)
             ... with a bolt of fire
             ... on level 7 of the Dungeon.
             The game lasted 00:10:29 (6168 turns).

spaghetti the Skirmisher (Demonspawn Fighter)       Turns: 6168, Time: 00:10:30

Health: -1/64      AC: 11    Str: 20    XL:     8   Next: 64%
Magic:  8/8        EV: 12    Int:  9    God:    Gozag
Gold:   417        SH:  6    Dex: 17    Spells: 7/7 levels left

rFire   . . .      SeeInvis .   F - +7 hand axe "Giant's Toothpick" {speed, rN+ Will+ rCorr, axe}
rCold   . . .      Faith    .   c - +0 buckler
rNeg    + . .      Spirit   .   M - +1 ring mail of the Plum {*Slow rElec Regen+ Dex+5}
rPois   .          Reflect  .   (no helmet)
rElec   +          Harm     .   K - +0 cloak
rCorr   +          Rampage  .   (no gloves)
Will    +....                   (no boots)
Stlth   +.........              (no amulet)
HPRegen 1.00/turn               (no ring)
MPRegen 0.11/turn               (no ring)

@: mighty, gold aura
A: claws 1, yellow scales 2, condensation shield
a: Renounce Religion, Potion Petition, Call Merchant, Bribe Branch


You were on level 7 of the Dungeon.
You worshipped Gozag.
Gozag was aware of your devotion.
You visited 2 branches of the dungeon, and saw 8 of its levels.
You also visited: Sewer.

You collected 474 gold pieces.
You paid 57 gold pieces to Gozag.


Innate Abilities, Weirdness & Mutations

You have sharp fingernails.
You are mostly covered in yellow scales. (AC +3)
A meltable shield of frost defends you. (SH +0)


   Skills:
 + Level 6.0 Fighting
 - Level 1.9 Short Blades
 + Level 5.5 Armour
 + Level 4.5 Dodging
 - Level 0.3 Stealth
 + Level 5.3 Shields
 - Level 2.5 Unarmed Combat


You had 7 spell levels left.
You didn't know any spells.
Your spell library contained the following spells:

 Spells                   Type           Power      Damage    Failure   Level
 Ensorcelled Hibernation  Hex/Ice        0%         N/A       77%         2
 Passwall                 Tmut/Erth      0%         N/A       77%         2
 Static Discharge         Conj/Air       0%         N/A       77%         2
 Sublimation of Blood     Necr           0%         N/A       77%         2
 Wereblood                Tmut           0%         N/A       77%         2
 Swiftness                Air            0%         N/A       94%         3
 Lightning Bolt           Conj/Air       0%         1d11      100%        5
 Summon Hydra             Summ           0%         N/A       100%        7
 Maxwell's Capacitive Co  Air            0%         ∞         100%        8

Inventory:

Hand Weapons
 F - the +7 hand axe "Giant's Toothpick" (weapon) {speed, rN+ Will+ rCorr, axe}
   (You found it on level 3 of the Dungeon)

   Attacks with this weapon are significantly faster.
   rN:        It protects you from negative energy.
   rCorr:     It protects you from acid and corrosion.
   Will:      It increases your willpower.
Missiles
 i - 115 stones (quivered) {throwing}
 Q - a throwing net {=f!fthrowing}
 S - 4 datura-tipped darts {throwing}
 Z - 6 poisoned darts {throwing}
Armour
 b - a +0 scale mail
 c - a +0 buckler (worn)
 K - a +0 cloak (worn)
   (You found it in a sewer)
 L - a +1 scale mail of poison resistance
   (You found it on level 3 of the Dungeon)
 M - the +1 ring mail of the Plum (worn) {*Slow rElec Regen+ Dex+5}
   (You found it on level 3 of the Dungeon)

   Dex:       It affects your dexterity (+5).
   rElec:     It insulates you from electricity.
   Regen:     It increases your rate of health regeneration.
   *Slow:     It may slow you when you take damage.
Magical Staves
 x - a staff of death {!astaff}
   (You found it on level 2 of the Dungeon)
Jewellery
 R - a ring of positive energy
   (You found it on level 5 of the Dungeon)
 Y - a ring of fire
   (You found it on level 7 of the Dungeon)
Wands
 y - a wand of digging (5)
   (You found it on level 6 of the Dungeon)
 D - a wand of iceblast (11)
   (You found it on level 3 of the Dungeon)
Scrolls
 e - a scroll of poison {!r}
 r - 4 scrolls of enchant weapon
 t - 4 scrolls of teleportation {@r4}
 B - 2 scrolls of amnesia
 G - 2 scrolls of fog
 H - a scroll of noise {unknown}
 I - 2 scrolls of vulnerability {unknown}
 N - a scroll of silence {unknown}
 P - a scroll of magic mapping {unknown}
 U - a scroll of fear {unknown}
 V - a scroll of summoning {unknown}
 W - a scroll of immolation {unknown}
Potions
 a - 2 potions of invisibility {unknown}
 d - 2 potions of might
 f - 2 potions of heal wounds {unknown}
 g - a potion of magic {unknown}
 m - 3 potions of degeneration {!q@e2}
 u - 2 potions of mutation {!q}
 J - 6 potions of flight
 O - 2 potions of attraction {unknown}
 T - 2 potions of brilliance {unknown}
 X - a potion of curing {unknown}

Dungeon Overview and Level Annotations

Branches:
Dungeon (7/15)             Temple (1/1) D:6           Sewer (visited)

Altars:
Ashenzari
Cheibriados
Dithmenos
Elyvilon
Fedhas
Gozag
Hepliaklqana
Kikubaaqudgha
Makhleb
Nemelex Xobeh
Qazlal
Ru
Sif Muna
Trog
Uskayaw
Vehumet
Wu Jian
Xom
Yredelemnul
Zin
The Shining One

Shops:
D:1 =   D:5 ==

Annotations:
D:7 Maggie

#.##.........#.#....
#.#####..........#..
#.# ##..........#..
##.# #...........##.
#..# ########.....##.
#.###.......#.....###
###...#.8.8.8.#######
#.....#@......
#.....@$..[..<
#.....#O......
#.....#.8.8.8.
#.....#.......
##############


You could see Maggie and an ogre.


Message History

You now have 417 gold pieces (gained 19).
Key pressed, stopping explore.
Z - 6 poisoned darts {throwing}
Things that are here:
a +0 club {mace}; a +0 chain mail
i - 93 stones {throwing} (gained 1)
i - 94 stones {throwing} (gained 1)
i - 95 stones {throwing} (gained 1) Key pressed, stopping explore.
Key pressed, stopping explore.
f - 2 glowing yellow potions (gained 1)
Your pack is full.
You see here 2 brown potions.
Your pack is full.
You see here 2 brown potions.
Could not pick up 2 brown potions here; ([A]lways) ignore it? [Y]es, [N]o, or [A]lways only, please.
Could not pick up 2 brown potions here; ([A]lways) ignore it? [Y]es, [N]o, or [A]lways only, please.
Could not pick up 2 brown potions here; ([A]lways) ignore it?
Okay, then.
You drop a +1 rapier {short}.
You drop a +0 longbow {bow}.
You drop a +0 spear {polearm}.
You drop a +0 short sword {short}. x2
You drop a +0 dagger {short}.
You drop a +0 hunting sling {sling}.
You drop a +0 dagger {short}.
You drop a +0 whip {mace}.
You drop a +0 dagger {short}.
You drop a +0 falchion {long}.
You drop a +0 whip {mace}.
You drop a +0 short sword {short}. x3
You drop a +0 flail {mace}.
a - 2 brown potions
O - 2 golden potions (gained 1)
i - 115 stones {throwing} (gained 20)
You open the door.
An ogre, a bullfrog and Maggie come into view.
Maggie is wielding a +2 halberd of flaming.
The ogre shouts!
The bullfrog gives a loud, deep croak!
Maggie shouts!
Maggie hits you from afar with a +2 halberd of flaming.
Your condensation shield dissipates!
Maggie burns you. 😕 HP[-7]
You take 7 damage, and now have 57/64 hp.
You are too injured to fight recklessly!
You are too injured to fight recklessly!
You are too injured to fight recklessly!
You are too injured to fight recklessly!
You are too injured to fight recklessly!
You are too injured to fight recklessly!
You are too injured to fight recklessly!
You are too injured to fight recklessly!
You are too injured to fight recklessly!
You are too injured to fight recklessly!
Found a stone staircase leading up.
Maggie misses you.
There is an open door here. 😕 HP[+1]
You slash Maggie! You hit the bullfrog.
The bullfrog hits you but does no damage.
Maggie points at you and mumbles some strange words.
The bolt of fire misses you. 😕 HP[+1]
You slash Maggie! You slash the bullfrog! The bullfrog closely misses you.
Maggie closely misses you. 😕 HP[+1]
You hit Maggie. You hit the ogre. You slash the bullfrog!
The bullfrog closely misses you. The bullfrog hits you.
The ogre hits you with a +0 giant spiked club!!
* * * LOW HITPOINT WARNING * * *
Maggie misses you. 😨 HP[-34]
You take 34 damage, and now have 26/64 hp.
MASSIVE DAMAGE!! (PAUSE) Unknown command.
You hit the bullfrog.
You kill the bullfrog!
You barely miss the ogre. You hit Maggie. Maggie hits you but does no damage.
Your Fighting skill increases to level 6!
Unknown command.
You feel very mighty all of a sudden.
The ogre is distracted by your dazzling golden aura.
Maggie points at you and mumbles some strange words.
The bolt of fire hits you!
* * * LOW HITPOINT WARNING * * *
The ogre shouts! 😱 HP[-12]
You take 12 damage, and now have 14/64 hp.
Unknown command.
Unknown command.
You slash Maggie! You barely miss the ogre.
The ogre is no longer distracted by gold.
The ogre misses you. 😱 HP[+1]
You slash Maggie! You slash the ogre!
Maggie points at you and mumbles some strange words.
The bolt of fire hits you!
You die...
Your body crumbles into a pile of gold.

Skill      XL: |  1  2  3  4  5  6  7  8 |
---------------+-------------------------+-----
Unarmed Combat | 1 2 |  2.5
Armour         | 3 4 5 |  5.5
Dodging        | 1 2 3 4 |  4.5
Shields        | 3 4 5 |  5.3
Fighting       | 4 5 6 |  6.0
Short Blades   | |  1.9
Stealth        | |  0.3

Action                   |  1- 3 |  4- 6 |  7- 9 || total
-------------------------+-------+-------+-------++-------
Melee: Rapier            |    28 |       |       ||    28
       Unarmed           |   109 |       |       ||   109
       Hand axe          |    15 |   213 |    90 ||   318
Throw: Stone             |     1 |    77 |    40 ||   118
  Use: Scroll            |       |     1 |     4 ||     5
       Potion            |       |       |     1 ||     1
Armor: Scale mail        |    70 |    69 |       ||   139
       Ring mail         |       |    29 |    37 ||    66
Dodge: Dodged            |    54 |   102 |    35 ||   191
Block: Buckler           |    32 |    66 |    30 ||   128

Levels and vault maps discovered:
D:1:      minmay_arrival_four_loops, layout_loops_ring, serial_shops, shop,
          palyth_stone_intersect
D:2:      layout_basic
D:3:      layout_rooms, gup_sewer_entry_bubbles,
          dreamdust_ecumenical_altar_hidden_monk_grotto
D:4:      layout_rooms
D:5:      layout_loops_cross, serial_shops, nicolae_shop_hallway_plus,
          nicolae_shop_trees
D:6:      layout_layer_cave, minmay_temple_entry_drinking_statues,
          nrook_pool_corridor, uniq_sigmund
D:7:      layout_rooms, serial_corexii_hall, chequers_hall_statues_wall_a,
          corexii_hall_statues_i, grunt_ministairs_3, moated_statue, uniq_maggie
Temple:   compressed_dpeg_circular_temple

Notes
Turn   | Place    | Note
-------+----------+-------------------------------------------
     0 | D:1      | spaghetti the Demonspawn Fighter began the quest for the
                  | Orb.
     0 | D:1      | Reached XP level 1. HP: 18/18 MP: 1/1
     0 | D:1      | magus.rc [v1.9.6]
    65 | D:1      | magus.rc [v1.9.6]
    65 | D:1      | magus.rc [v1.9.6]
   305 | D:1      | Gained mutation: You have sharp fingernails. [demonic
                  | ancestry]
   305 | D:1      | Reached XP level 2. HP: 23/24 MP: 2/2
   496 | D:1      | You pick up a book of Blood and begin reading...
   496 | D:1      | You add the spells Sublimation of Blood, Wereblood and
                  | Summon Hydra to your library.
   536 | D:1      | Reached skill level 1 in Unarmed Combat
   576 | D:1      | You pick up a book of Burglary and begin reading...
   576 | D:1      | You add the spells Passwall, Ensorcelled Hibernation and
                  | Swiftness to your library.
   608 | D:1      | Found Quutoiba's Jewellery Shop.
  1050 | D:2      | HP: 5/24 [worm (9)]
  1052 | D:2      | Gained mutation: You are partially covered in yellow
                  | scales. (AC +2) [demonic ancestry]
  1052 | D:2      | Reached XP level 3. HP: 6/29 MP: 3/3
  1564 | D:2      | Reached skill level 2 in Unarmed Combat
  2080 | D:3      | Identified the +7 hand axe "Giant's Toothpick" {speed, rN+
                  | Will+ rCorr}
  2200 | D:3      | Gained mutation: You are mostly covered in yellow scales.
                  | (AC +3) [demonic ancestry]
  2200 | D:3      | Reached XP level 4. HP: 33/35 MP: 4/4
  2205 | D:3      | Found a glowing drain.
  2214 | Sewer    | Entered a sewer
  2227 | Sewer    | Reached skill level 3 in Armour
  2481 | Sewer    | Reached skill level 1 in Dodging
  2522 | Sewer    | Reached skill level 3 in Shields
  2807 | Sewer    | Reached XP level 5. HP: 41/41 MP: 5/5
  3020 | D:3      | Identified the +1 ring mail of the Plum {*Slow rElec Regen+
                  | Dex+5}
  3185 | D:3      | Found a faded altar of an unknown god.
  3823 | D:5      | Entered Level 5 of the Dungeon
  3876 | D:5      | Reached skill level 2 in Dodging
  3882 | D:5      | Gained mutation: A meltable shield of frost defends you.
                  | (SH +0) [demonic ancestry]
  3882 | D:5      | Reached XP level 6. HP: 33/48 MP: 6/6
  3892 | D:5      | Reached skill level 4 in Fighting
  4120 | D:5      | You pick up a book of Lightning and begin reading...
  4120 | D:5      | You add the spells Static Discharge, Lightning Bolt and
                  | Maxwell's Capacitive Coupling to your library.
  4132 | D:5      | Found Kinoer's Jewellery Shoppe.
  4165 | D:5      | Found Laem's Jewellery Shoppe.
  4631 | D:6      | Reached skill level 4 in Armour
  4631 | D:6      | Found a staircase to the Ecumenical Temple.
  4650 | Temple   | Entered the Ecumenical Temple
  4769 | Temple   | Became a worshipper of Gozag Ym Sagoz the Greedy
  4810 | D:6      | Noticed a sky beast
  4815 | D:6      | Noticed an ice beast
  4827 | D:6      | Killed an ice beast
  4828 | D:6      | Reached skill level 4 in Shields
  4828 | D:6      | Reached XP level 7. HP: 46/55 MP: 7/7
  4831 | D:6      | Reached skill level 3 in Dodging
  4948 | D:6      | Reached skill level 5 in Fighting
  5112 | D:6      | Noticed Sigmund
  5120 | D:6      | Killed Sigmund
  5121 | D:6      | Reached XP level 8. HP: 57/62 MP: 8/8
  5379 | D:6      | Reached skill level 5 in Armour
  5493 | D:6      | Reached skill level 4 in Dodging
  5538 | D:6      | Reached skill level 5 in Shields
  6160 | D:7      | Noticed Maggie
  6166 | D:7      | Reached skill level 6 in Fighting
  6166 | D:7      | HP: 14/64 [Maggie/bolt of fire (13)]
  6168 | D:7      | Killed from afar by Maggie

Vanquished Creatures
  Sigmund (D:6)
  A steam dragon (D:7)
  An ice beast (D:6)
  A sky beast (D:6)
  A centaur (D:6)
  An ogre (D:6)
  A phantom (D:6)
  2 bullfrogs (D:7)
  2 necrophages
  A scorpion (D:5)
  2 orc priests (D:6)
  2 jellies
  A hound (D:6)
  5 iguanas
  2 orc wizards (D:6)
  3 gnolls (D:5)
  8 adders
  2 river rats (Sewer)
  A shadow imp (D:7)
  2 white imps
  An ufetubus (D:6)
  6 worms
  A dart slug (D:1)
  7 orcs
  12 ball pythons
  11 bats
  6 endoplasms
  6 giant cockroaches
  3 goblins
  5 hobgoblins
  8 jackals
  11 kobolds
  6 quokkas
  7 frilled lizards
  5 rats
135 creatures vanquished.

Vanquished Creatures (others)
  3 fungi (D:3)
  5 plants (D:3)
8 creatures vanquished.

Grand Total: 143 creatures vanquished

Table legend:
 A = Non-vault XP
 B = Vault XP
 C = Vault XP percentage of total XP
 D = Non-vault monster count
 E = Vault monster count
 F = Vault count percentage of total count
                 A         B        C        D         E       F
            +---------+---------+-------+---------+---------+-------
      Total |    1858 |     447 |  19.4 |     100 |      35 |  25.9
            +---------+---------+-------+---------+---------+-------
        D:1 |      36 |       0 |   0.0 |      19 |       0 |   0.0
        D:2 |      26 |       0 |   0.0 |      13 |       0 |   0.0
        D:3 |      50 |      24 |  32.4 |      15 |       6 |  28.6
        D:4 |     128 |       0 |   0.0 |      16 |       0 |   0.0
        D:5 |     216 |       0 |   0.0 |       8 |       0 |   0.0
        D:6 |    1098 |     239 |  17.9 |      24 |       1 |   4.0
        D:7 |     304 |      93 |  23.4 |       5 |       1 |  16.7
      Sewer |       0 |      91 | 100.0 |       0 |      27 | 100.0
            +---------+---------+-------+---------+---------+-------

Illustrated notes

Table legend:
 A = Kills in this place as a percentage of kills in entire the game.
 B = Kills by you in this place as a percentage of kills by you in the entire game.
 C = Kills by friends in this place as a percentage of kills by friends in the entire game.
 D = Other kills in this place as a percentage of other kills in the entire game.
 E = Experience gained in this place as a percentage of experience gained in the entire game.
 F = Experience gained in this place divided by the number of levels of this place that you have seen.
                   A       B       C       D       E      F
               +-------+-------+-------+-------+-------+----------------------
         Total | 100.0 | 100.0 |   N/A |   N/A | 100.0 | 256.1
       Dungeon |  80.0 |  80.0 |   N/A |   N/A |  96.1 | 316.3
         Sewer |  20.0 |  20.0 |   N/A |   N/A |   3.9 |  91.0
               +-------+-------+-------+-------+-------+----------------------

Table legend: (Time is in decaauts)
 A = Elapsed time spent in this place.
 B = Non-inter-level travel time spent in this place.
 C = Inter-level travel time spent in this place.
 D = Time resting spent in this place.
 E = Time spent auto-exploring this place.
 F = Levels seen in this place.
 G = Mean time per level.
                   A        B        C        D        E       F      G
               +--------+--------+--------+--------+--------+-----+--------+
         Total |   6353 |   6149 |    204 |    467 |   4447 |   9 |  705.9 |
       Dungeon |   5393 |   5227 |    166 |    467 |   3857 |   7 |  770.4 |
        Temple |    141 |    103 |     38 |      0 |     64 |   1 |  141.0 |
         Sewer |    818 |    818 |      0 |      0 |    525 |   1 |  818.0 |
               +--------+--------+--------+--------+--------+-----+--------+

Top non-repeatable levels by time:
     D:6: 1333 daAuts
     D:2: 997 daAuts
     D:1: 929 daAuts
   Sewer: 818 daAuts
     D:3: 787 daAuts
     D:5: 633 daAuts
     D:4: 475 daAuts
     D:7: 235 daAuts
  Temple: 141 daAuts
